 Dungeon Crawl Stone Soup version 0.24-a0-117-g53b51606c3 (webtiles) character file.

Game seed: 8041014093491712078

45 Morbidden the Skirmisher (level 3, 0/20 HPs)
             Began as a Vine Stalker Fighter on Feb 18, 2019.
             Succumbed to an adder's poison
             ... on level 2 of the Dungeon.
             The game lasted 00:01:20 (798 turns).

Morbidden the Skirmisher (Vine Stalker Fighter)      Turns: 798, Time: 00:01:21

Health: 0/20       AC:  6    Str: 19    XL:     3   Next: 64%
Magic:  2/5        EV:  7    Int:  8    God:
Gold:   60         SH:  9    Dex: 13    Spells: 4/4 levels left

rFire    . . .     SeeInvis .   a - +0 long sword
rCold    . . .     Gourm    .   c - +0 shield
rNeg     . . .     Faith    .   b - +0 scale mail
rPois    .         Spirit   +   (no helmet)
rElec    .         Reflect  .   (no cloak)
rCorr    .         Harm     .   (no gloves)
MR       .....                  (no boots)
Stlth    ..........             (no amulet)
HPRegen  0.06/turn              (no ring)
MPRegen  0.09/turn              (no ring)

@: lethally poisoned (0 -> -5), berserk cooldown, very slightly contaminated,
slowed, very slow
A: fangs 2, magic shield, antimagic bite, no potion heal 3, rot immunity
a: no special abilities


You were on level 2 of the Dungeon.
You were not hungry.

You visited 1 branch of the dungeon, and saw 2 of its levels.

You collected 60 gold pieces.

Inventory:

Hand Weapons
 a - a +0 long sword (weapon)
Armour
 b - a +0 scale mail (worn)
 c - a +0 shield (worn)
Scrolls
 e - 3 scrolls of blinking
 h - a scroll of magic mapping {unknown}
 i - a scroll of enchant armour {unknown}
Potions
 d - a potion of might
Comestibles
 f - 3 rations


   Skills:
 * Level 3.1 Fighting
 + Level 2.0 Long Blades
 + Level 2.6 Armour
 + Level 3.1 Shields
 * Level 1.0 Spellcasting


You had 4 spell levels left.
You didn't know any spells.
Your spell library was empty.

Dungeon Overview and Level Annotations

Branches:
Dungeon (2/15)

Altars:
Nemelex Xobeh


Innate Abilities, Weirdness & Mutations

You have extremely sharp teeth.
When hurt, damage is shared between your health and your magic reserves.
Your bite disrupts and absorbs the magic of your enemies.
Potions cannot restore your health.
You are immune to rotting.


Message History

You feel yourself slow down.
Unknown command.
* * * LOW HITPOINT WARNING * * *
You feel sick.
You see here 3 scrolls labeled JUH GUEGEROTZ.
e - 4 scrolls labeled JUH GUEGEROTZ (gained 3)
Okay, then.
Blink to where?
Press: ? - help, Dir - move target cursor, f - you Are you sure you want to cancel this blink? [Y]es or [N]o only, please.
Are you sure you want to cancel this blink? [Y]es or [N]o only, please.
Are you sure you want to cancel this blink?
Blink to where?
Press: ? - help, Dir - move target cursor You are very lightly contaminated with residual magic.
As you read the scroll labeled JUH GUEGEROTZ, it crumbles to dust.
It was a scroll of blinking.
You die...

.#. #.. #.# #.#
#.# #.# #.# #@#
#.# #.# #####...
####.......
........#...
###....ยง###.#.#
..............#
###.#.#.#######


There were no monsters in sight!

Vanquished Creatures
  An adder (D:2)
  An ooze (D:1)
  A worm (D:2)
  2 giant cockroaches (D:1)
  3 goblins
  3 hobgoblins
  6 jackals (D:1)
  3 kobolds (D:1)
  A bat (D:1)
  4 frilled lizards (D:1)
  2 rats (D:1)
27 creatures vanquished.

Notes
Turn   | Place    | Note
-------+----------+-------------------------------------------
     0 | D:1      | Morbidden the Vine Stalker Fighter began the quest for the
                  | Orb.
     0 | D:1      | Reached XP level 1. HP: 11/11 MP: 2/2
   124 | D:1      | Reached XP level 2. HP: 16/16 MP: 3/3
   236 | D:1      | Found a sparkling altar of Nemelex Xobeh.
   519 | D:1      | Reached XP level 3. HP: 20/20 MP: 5/5
   591 | D:1      | Reached skill level 1 in Spellcasting
   796 | D:2      | HP: 1/20 [poisoned by an adder]
   798 | D:2      | Succumbed to an adder's poison

Levels and vault maps discovered:
D:1:      dpeg_arrival_three_same_balls, layout_loops_corners,
          nemelex_diamond_rough_becter
D:2:      layout_loops_ring, ashenzari_conservatory_becter,
          lemuel_crystal_altar, lemuel_coloured_pillars_altar

Skill      XL: |  1  2  3 |
---------------+----------+-----
Fighting       | 3 |  3.1
Spellcasting   | 1 |  1.0
Shields        | 3 |  3.1
Long Blades    | 2 |  2.0
Armour         | |  2.6

Action                   || total
-------------------------++-------
Melee: Long sword        ||    58
       Bite              ||    11
  Use: Scroll            ||     1
       Potion            ||     1
Armor: Scale mail        ||    28
Dodge: Dodged            ||    18
Block: Shield            ||    23
       Rpst.: Long sword ||     5

Table legend:
 A = Non-vault XP
 B = Vault XP
 C = Vault XP percentage of total XP
 D = Non-vault monster count
 E = Vault monster count
 F = Vault count percentage of total count
                 A         B        C        D         E       F
            +---------+---------+-------+---------+---------+-------
      Total |      65 |       0 |   0.0 |      27 |       0 |   0.0
            +---------+---------+-------+---------+---------+-------
        D:1 |      43 |       0 |   0.0 |      23 |       0 |   0.0
        D:2 |      22 |       0 |   0.0 |       4 |       0 |   0.0
            +---------+---------+-------+---------+---------+-------
